AoeStats
← Lic. VELEZ Y VINO

Nomad

509692456Analyzed
3v3 RM · 5d ago on Sep 27, 2026· 49m 25s· 6 players
Game mode
Random Map
Map size
210×210
Population
200
Speed
Normal
Resources
Standard
Victory
Conquest
Starting age
Dark Age
Ending age
Imperial Age
RankedLock teamsTeams togetherTeam positionsShared explorationLock speedFull tech treeHidden civsTurbo modeCheats
Victory
Defeat
🇩🇿 Hindustanis · Algeria
1797
+13
🇹🇷 Teutons · Türkiye
1767
+14
🇹🇷 Berbers · Türkiye
1657
+18
🇦🇷 Armenians · Argentina
1737
-16
🇦🇷 Spanish · Argentina
1719
-15
🇦🇷 Goths · Argentina
1700
-14
Buchi
8:33 Loom
12:00 Feudal Age
12:36 Double-Bit Axe
13:16 Fletching
21:23 Castle Age
20:09 Gold Mining
21:23 Fishing Lines
22:02 Bodkin Arrow
22:18 Bow Saw
22:23 Medium Warships
24:05 Wheelbarrow
24:46 Gillnets
24:41 Horse Collar
29:27 Herbal Medicine
33:35 Imperial Age
31:55 Gold Shaft Mining
31:11 Stone Mining
31:22 Heavy Plow
32:06 Squires
31:51 Gambesons
32:22 Scale Mail Armor
32:32 Forging
33:24 Herbal Medicine
34:44 Bracer
36:59 Iron Casting
36:40 Chain Mail Armor
37:43 Man-at-Arms
38:09 Arson
39:25 Blast Furnace
38:20 Long Swordsman
39:23 Fereters
40:31 Padded Archer Armor
41:03 Plate Mail Armor
41:42 Two-Handed Swordsman
42:39 Leather Archer Armor
42:29 Champion
43:57 Conscription
47:05 Chemistry
45:39 Pikeman
47:02 Halberdier
49:07 Hand Cart
MUERE CACA
4:48 Loom
12:20 Feudal Age
12:50 Town Watch
19:56 Double-Bit Axe
24:48 Castle Age
22:49 Fishing Lines
26:03 Bow Saw
25:59 Fletching
28:22 Gillnets
31:09 Horse Collar
36:09 Bodkin Arrow
39:25 Imperial Age
39:11 Gold Mining
39:58 Wheelbarrow
40:26 Bracer
40:32 Anarchy
41:36 Chemistry
41:31 Padded Archer Armor
46:21 Pikeman
47:01 Squires
48:49 Halberdier
49:32 Scale Mail Armor
49:42 Forging
Lic. VELEZ Y VINO
4:15 Loom
12:58 Feudal Age
16:56 Castle Age
15:33 Double-Bit Axe
21:57 Fletching
23:33 Fishing Lines
28:46 Wheelbarrow
28:16 Padded Archer Armor
28:32 Husbandry
28:42 Bloodlines
32:36 Imperial Age
30:35 Stone Mining
30:36 Gold Mining
31:15 Hand Cart
32:25 Masonry
32:40 Horse Collar
34:00 Leather Archer Armor
36:46 Chemistry
37:09 Ring Archer Armor
38:33 Architecture
Audi performance
10:33 Loom
14:54 Feudal Age
15:32 Town Watch
18:33 Castle Age
16:19 Double-Bit Axe
16:25 Stone Mining
16:53 Gold Mining
17:34 Fishing Lines
19:34 Bow Saw
21:27 Scale Mail Armor
21:37 Forging
22:32 Chain Mail Armor
24:56 Wheelbarrow
28:11 Imperial Age
25:59 Gillnets
26:05 Horse Collar
30:10 Chemistry
41:04 Heavy Plow
41:41 Padded Archer Armor
43:47 Leather Archer Armor
49:10 Conscription
48:51 Grand Trunk Road
49:53 Two-Man Saw
HunTerZ
14:06 Feudal Age
15:19 Loom
16:03 Double-Bit Axe
19:51 Castle Age
17:53 Fletching
17:45 Horse Collar
21:03 Bow Saw
26:46 Husbandry
28:11 Scale Barding Armor
31:59 Wheelbarrow
32:28 Chain Barding Armor
33:55 Bloodlines
38:45 Imperial Age
35:54 Light Cavalry
38:39 Forging
38:51 Cavalier
40:07 Plate Barding Armor
39:15 Capped Ram
41:01 Iron Casting
40:50 Town Watch
41:21 Hand Cart
42:25 Conscription
42:07 Kasbah
46:03 Blast Furnace
44:35 Hussar
46:37 Gold Mining
46:49 Heavy Plow
Jugband
5:42 Loom
15:38 Feudal Age
16:12 Town Watch
16:34 Fishing Lines
18:58 Double-Bit Axe
21:49 Castle Age
21:22 Fletching
22:43 Bow Saw
24:00 Wheelbarrow
25:07 Hand Cart
25:37 Horse Collar
38:56 Forging
40:06 Scale Mail Armor
49:38 Hand Cart
Connection lost

Rejoining the realm…

Still unreachable

The connection could not be restored.

Session expired

The server has moved on; the page needs a fresh start.